 Dungeon Crawl Stone Soup version 0.27.1-3-gb3d3a73c9e (webtiles) character file.

Game seed: 18229082009815539450

1538 raph the Cudgeller (level 8, -1/118 HPs)
             Began as a Troll Berserker on Oct 26, 2021.
             Was a Priest of Trog.
             Slain by a sky beast (2 damage)
             ... on level 6 of the Dungeon.
             The game lasted 00:10:23 (5386 turns).

raph the Cudgeller (Troll Berserker)                Turns: 5386, Time: 00:10:23

Health: -1/118     AC:  5    Str: 30    XL:     8   Next: 56%
Magic:  16/16      EV: 11    Int:  7    God:    Trog [***...]
Gold:   56         SH:  0    Dex: 13    Spells: 7/7 levels left

rFire    + . .     SeeInvis .   a - +1 mace
rCold    x . .     Faith    .   (no shield)
rNeg     . . .     Spirit   .   q - +1 robe of Majestic Leaves {Str+4 Dex+2}
rPois    .         Reflect  .   (helmet restricted)
rElec    .         Harm     .   (no cloak)
rCorr    .         Rampage  .   (gloves unavailable)
Will     +....                  (boots unavailable)
Stlth    ..........             (no amulet)
HPRegen  1.29/turn              n - ring "Puuguu" {Fire Will+ MP+9 Int+4}
MPRegen  0.15/turn              (no ring)

@: berserking, lethally poisoned (-1 -> -1), very quick
A: large, unfitting armour, claws 3, regeneration 1, shaggy fur 1, tough skin 1
a: Renounce Religion, Berserk, Trog's Hand


You were on level 6 of the Dungeon.
You worshipped Trog.
Trog was most pleased with you.
You visited 1 branch of the dungeon, and saw 6 of its levels.

You collected 168 gold pieces.
You spent 112 gold pieces at shops.

Inventory:

Hand Weapons
 a - a +1 mace (weapon)
 o - a +0 whip
Missiles
 f - 5 large rocks (quivered)
 h - 197 stones
 p - 2 javelins
 r - 18 poisoned darts
 t - 4 boomerangs
Armour
 q - the +1 robe of Majestic Leaves (worn) {Str+4 Dex+2}
   (You took it off a centaur on level 5 of the Dungeon)

   Str:       It affects your strength (+4).
   Dex:       It affects your dexterity (+2).
Jewellery
 n - the ring "Puuguu" (left claw) {Fire Will+ MP+9 Int+4}
   (You found it on level 4 of the Dungeon)

   [ring of fire]

   It enhances your fire magic.
   Int:       It affects your intelligence (+4).
   rF:        It protects you from fire.
   rC:        It makes you vulnerable to cold.
   MP:        It affects your magic capacity (+9).
   Will:      It increases your willpower.
Wands
 b - a wand of paralysis (2)
Scrolls
 c - a scroll of teleportation
 u - a scroll of identify
 w - a scroll of fear
Potions
 d - a potion of haste
 e - 5 potions of degeneration
 g - a potion of attraction {unknown}
 i - a potion of heal wounds
 j - 2 potions of berserk rage
 k - a potion of magic
 l - 2 potions of brilliance
 m - 3 potions of curing
 s - a potion of resistance {unknown}
 v - a potion of mutation {unknown}


   Skills:
 - Level 4.7 Fighting
 + Level 7.4 Maces & Flails
 - Level 2.8 Throwing
 - Level 4.7 Dodging


You had 7 spell levels left.
You didn't know any spells.
Your spell library was empty.

Dungeon Overview and Level Annotations

Branches:
Dungeon (6/15)             Temple (0/1) D:4

Altars:
Uskayaw

Shops:
D:4 !


Innate Abilities, Weirdness & Mutations

You are too large for most types of armour.
You have claws for hands.
Your natural rate of healing is unusually fast.
You are covered in fur. (AC +1)
You have tough skin. (AC +1)


Message History

Deactivating autopickup; reactivate with Ctrl-A.
Something hits you but does no damage.
You sock the ice beast!
The ice beast is severely wounded.
The adder misses you. The ice beast hits you.
* * * LOW HITPOINT WARNING * * *
The ice beast freezes you!
You feel a terrible chill!
* * * LOW HITPOINT WARNING * * *
Something hits you but does no damage.
You hit the ice beast.
The ice beast is almost dead.
The adder bites you.
* * * LOW HITPOINT WARNING * * *
You are lethally poisoned!
The adder poisons you!
You closely miss the ice beast.
The ice beast is almost dead.
* * * LOW HITPOINT WARNING * * *
You feel sick. The ice beast completely misses you.
The adder barely misses you. Something hits you but does no damage.
You barely miss the ice beast.
The ice beast is almost dead.
* * * LOW HITPOINT WARNING * * *
You feel sick. The adder bites you but does no damage.
The ice beast barely misses you. Something hits you but does no damage.
You thump the ice beast!
You kill the ice beast!
Trog accepts your kill.
* * * LOW HITPOINT WARNING * * *
You feel sick. The adder barely misses you.
You sock something!
You feel sick.
A sky beast appears from thin air!
Reactivating autopickup.
The sky beast hits you but does no damage.
The adder bites you but does no damage.
You closely miss the adder. The sky beast barely misses you.
The adder bites you but does no damage.
You hit the sky beast.
The sky beast is heavily wounded.
You feel sick. The adder barely misses you. The sky beast hits you.
You die...

.......#...##.....#
.......'....#.....#
.......#....#.....#
.......#....#.....#
.......#....#.....#
.......######.....+
..................##
...................#
................@..#
................SY.#
...................#
##'##########......#######
#...........#............#
#...........#.......?....#
#...........#............#
#...........#............#
#....###..###............#


You could see a sky beast and an adder.

Vanquished Creatures
  An ice beast (D:6)
  A necrophage (D:5)
  2 phantoms
  A centaur (D:5)
  A kobold brigand (D:6)
  3 scorpions
  A wyvern skeleton (D:6)
  A centaur zombie (D:5)
  2 jellies
  4 hounds
  3 bullfrog skeletons
  4 orc priests (D:5)
  3 iguanas
  Jessica (D:3)
  A centaur skeleton (D:5)
  4 orc wizards
  A hound zombie (D:5)
  7 adders
  A shadow imp (D:6)
  A white imp (D:6)
  A worm (D:2)
  14 orcs
  5 ball pythons
  12 endoplasms
  5 giant cockroaches
  10 goblins
  6 hobgoblins
  7 jackals
  2 quokkas
  6 bats
  4 frilled lizards
  13 kobolds
  A rat (D:2)
129 creatures vanquished.

Notes
Turn   | Place    | Note
-------+----------+-------------------------------------------
     0 | D:1      | raph the Troll Berserker began the quest for the Orb.
     0 | D:1      | Reached XP level 1. HP: 22/22 MP: 0/0
   315 | D:1      | Reached skill level 3 in Maces & Flails
   453 | D:1      | Reached XP level 2. HP: 28/29 MP: 1/1
   785 | D:2      | Reached ** piety under Trog
   786 | D:2      | Reached XP level 3. HP: 30/36 MP: 2/2
  1640 | D:3      | Reached XP level 4. HP: 45/45 MP: 3/3
  1664 | D:3      | Reached skill level 4 in Maces & Flails
  1725 | D:3      | Noticed Jessica
  1738 | D:3      | Killed Jessica
  1739 | D:3      | Reached XP level 5. HP: 52/53 MP: 4/4
  2327 | D:4      | Found Beskuchu's Distillery.
  2336 | D:4      | Bought a potion of curing for 42 gold pieces
  2359 | D:4      | Reached *** piety under Trog
  2442 | D:4      | Identified the ring "Puuguu" {Fire Will+ MP+9 Int+4}
  2536 | D:4      | Found a staircase to the Ecumenical Temple.
  2711 | D:4      | Reached XP level 6. HP: 61/61 MP: 5/5
  3117 | D:5      | Entered Level 5 of the Dungeon
  3129 | D:5      | Reached skill level 5 in Maces & Flails
  3390 | D:5      | Reached XP level 7. HP: 54/68 MP: 6/6
  3541 | D:5      | Reached skill level 1 in Throwing
  3566 | D:5      | Identified the +1 robe of Majestic Leaves {Str+4 Dex+2}
  3759 | D:5      | Reached skill level 6 in Maces & Flails
  3827 | D:4      | Bought a potion of heal wounds for 70 gold pieces
  4127 | D:5      | Found a hide-covered altar of Uskayaw.
  4667 | D:6      | Reached XP level 8. HP: 79/79 MP: 7/7
  5287 | D:6      | Reached skill level 7 in Maces & Flails
  5379 | D:6      | HP: 2/118 [ice beast (16)]
  5384 | D:6      | HP: 1/118 [poisoned by an adder]
  5386 | D:6      | Slain by a sky beast

Illustrated notes

Levels and vault maps discovered:
D:1:      dpeg_arrival_shelter, layout_loops_ring
D:2:      layout_basic, minivault_4, minmay_tetromino_s2
D:3:      layout_loops_ring, grunt_ministairs_5, kennysheep_jessica_study
D:4:      layout_cave_pods, minmay_temple_entry_statues_pillars, serial_shops,
          shop_statue
D:5:      layout_cave_pools, nicolae_uskayaw_dance_hall
D:6:      layout_gridville, minmay_misc_feat_encased

Skill      XL: |  1  2  3  4  5  6  7  8 |
---------------+-------------------------+-----
Maces & Flails | 3 4 5 6 7 |  7.4
Fighting       | 3 4 |  4.7
Dodging        | 3 4 |  4.7
Throwing       | 2 |  2.8

Action                   |  1- 3 |  4- 6 |  7- 9 || total
-------------------------+-------+-------+-------++-------
Melee: Mace              |   153 |   178 |   132 ||   463
Throw: Large rock        |       |     6 |     5 ||    11
       Stone             |       |     3 |       ||     3
Invok: Berserk           |     2 |     7 |     5 ||    14
       Trog's Hand       |       |       |     1 ||     1
  Use: Scroll            |     6 |       |     6 ||    12
Armor: Animal skin       |    95 |    14 |       ||   109
       Robe              |       |    50 |    39 ||    89
Dodge: Dodged            |   111 |    96 |    87 ||   294
